Map: Megaton

Players

ASSBERGERS - Winner!

  • Race: Zerg Zerg
  • Spawn Location: 0:00

AtlasRaenger

  • Race: Protoss Protoss
  • Spawn Location: 5:00

VOD

Have the link to the VOD?

Description

Time

  • Played on: Nov. 28, 2018, 7:48 p.m.
  • Length: 57:13
Show
View Real Time Build Order
Export as new Build Order

ASSBERGERS Zerg - Winner!

Build Orders: Pool First 

Get SALT Encoding   

  12  0:02  Drone  
  13  0:09  Drone  
  14  0:20  Overlord  
  14  0:34  Extractor, Drone  
  14  0:46  Drone x3  
  17  0:58  Spawning Pool  
  17  0:59  Drone  
  17  1:11  Drone  
  18  1:20  Drone  
  19  1:35  Drone  
  20  1:47  Queen  
  22  1:57  Overlord  
  22  2:01  Hatchery  
  21  2:08  Extractor  
  20  2:11  Drone x2  
  20  2:15  Metabolic Boost  
  22  2:42  Drone x2  
  22  2:43  Drone  
  25  2:59  Lair  
  25  3:03  Zergling x2  
  25  3:04  Zergling x6  
  29  3:14  Evolution Chamber  
  29  3:19  Drone  
  29  3:26  Queen  
  31  3:33  Drone x3  
  34  3:40  Zerg Melee Weapons Level 1  
  34  3:48  Overlord  
  34  3:53  Drone x2  
  36  4:21  Drone x3  
  39  4:24  Hatchery  
  39  4:28  Queen  
  40  4:32  Overlord x2  
  40  4:36  Drone  
  41  4:40  Extractor x2  
  41  4:45  Zergling x4  
  41  4:46  Zergling x2  
  42  4:58  Drone x3  
  45  5:19  Infestation Pit  
  44  5:23  Drone x4  
  44  5:24  Nydus Network  
  47  5:47  Drone x2  
  49  5:52  Zergling x6  
  49  5:55  Overlord  
  52  6:23  Drone x3  
  52  6:24  Queen  
  57  6:32  Zergling x8  
  61  6:41  Hive  
  61  6:44  Zerg Melee Weapons Level 2  
  61  6:55  Evolution Chamber  
  61  6:59  Spore Crawler  
  61  7:00  Queen  
  61  7:04  Spore Crawler  
  61  7:07  Zergling x4  
  61  7:08  Zergling x8  
  66  7:11  Zergling x12  
  72  8:06  Zergling x4  
  72  8:09  Overlord x2  
  72  8:10  Overlord  
  74  8:19  Zerg Missile Weapons Level 1  
  74  8:28  Overlord x3  
  74  8:41  Pneumatized Carapace  
  74  8:48  Adrenal Glands  
  74  9:00  Zerg Ground Armor Level 1  
  74  9:02  Roach Warren  
  73  9:17  Zergling x2  
  73  9:18  Zergling x16  
  73  9:20  Overlord  
  82  9:52  Nydus Network  
  81  10:22  Zergling x6  
  81  10:23  Zergling x16  
  81  10:24  Zergling x6  
  95  10:29  Zerg Melee Weapons Level 3  
  95  10:53  Zergling x6  
  98  11:01  Zergling x10  
  98  11:02  Zergling x6  
  106  11:06  Overlord x3  
  106  11:24  Hydralisk Den  
  106  11:25  Drone  
  106  11:34  Overlord x3  
  106  11:40  Zerg Missile Weapons Level 2  
  106  12:01  Zergling x6  
  109  12:03  Zergling x2  
  109  12:04  Zergling x16  
  109  12:05  Zergling x12  
  124  12:31  Zergling x6  
  127  12:47  Extractor  
  127  12:50  Extractor  
  125  13:09  Zergling x4  
  125  13:10  Zergling x8  
  131  13:13  Zerg Ground Armor Level 2  
  131  13:29  Drone x5  
  131  13:30  Drone  
  137  13:37  Zergling x4  
  137  13:38  Zergling x6  
  142  13:51  Nydus Canal  
  142  14:41  Hydralisk x3  
  142  14:42  Hydralisk x3  
  154  14:46  Overlord x5  
  153  15:11  Spore Crawler  
  152  15:15  Hydralisk  
  152  15:16  Hydralisk x5  
  152  15:18  Spore Crawler  
  139  15:33  Zergling x8  
  139  15:35  Zergling x12  
  98  15:36  Zergling x4  
  84  15:43  Hydralisk x4  
  84  15:44  Hydralisk x6  
  84  15:45  Hydralisk x7  
  84  15:46  Hydralisk x2  
  103  16:04  Nydus Canal  
  89  16:47  Hatchery  
  59  17:10  Drone x4  
  59  17:11  Drone x5  
  50  18:00  Drone x4  
  50  18:01  Drone x2  
  56  18:14  Hatchery  
  48  18:38  Drone x5  
  43  18:43  Spawning Pool  
  43  18:46  Drone x3  
  25  19:13  Spawning Pool  
  24  19:20  Spawning Pool  
  23  19:30  Drone x3  
  26  19:31  Evolution Chamber  
  26  19:33  Queen  
  27  19:44  Lair  
  27  19:47  Lair  
  27  20:03  Drone x5  
  27  20:04  Drone x2  
  34  20:20  Drone x3  
  37  20:40  Drone  
  38  20:46  Drone x3  
  38  20:47  Drone x2  
  38  20:49  Drone  
  44  20:52  Queen  
  46  21:06  Hydralisk Den  
  46  21:08  Extractor  
  46  21:10  Extractor, Drone x3  
  46  21:35  Extractor  
  46  21:38  Extractor  
  44  21:41  Hydralisk x4  
  44  21:42  Hydralisk x6  
  44  21:43  Hydralisk x4  
  72  21:53  Spore Crawler  
  71  21:57  Drone x3, Spore Crawler  
  71  22:00  Drone x3  
  76  22:11  Grooved Spines  
  76  22:22  Infestation Pit, Drone x2  
  77  22:28  Hydralisk  
  77  22:29  Hydralisk x4  
  85  22:30  Hydralisk x2  
  91  22:39  Drone  
  91  22:40  Drone x2  
  91  22:41  Spore Crawler  
  91  22:42  Spore Crawler  
  92  23:03  Drone  
  92  23:04  Drone x2  
  95  23:09  Drone x4  
  99  23:21  Spore Crawler  
  98  23:31  Drone x2  
  98  23:32  Drone  
  101  23:44  Nydus Network  
  100  24:09  Spire, Drone x3  
  102  24:13  Muscular Augments  
  102  24:17  Hive  
  102  24:23  Hydralisk  
  102  24:24  Hydralisk x5  
  102  24:25  Hydralisk x5  
  124  24:32  Drone x5  
  129  24:48  Hydralisk  
  129  24:49  Hydralisk x6  
  142  25:20  Spore Crawler  
  121  25:23  Spore Crawler  
  121  25:24  Spore Crawler x2  
  121  25:27  Overlord x5  
  121  25:28  Overlord  
  67  25:52  Hydralisk x3  
  67  25:53  Hydralisk x8  
  83  26:15  Zerg Missile Weapons Level 3  
  83  26:27  Evolution Chamber  
  83  26:31  Corruptor x4  
  83  26:32  Corruptor x4  
  98  26:51  Hydralisk x8  
  114  27:01  Zerg Ground Armor Level 3  
  114  27:27  Mutalisk x5  
  124  27:45  Mutalisk x5  
  124  27:46  Mutalisk  
  134  28:22  Zerg Flyer Weapons Level 1  
  134  28:32  Hydralisk x5  
  134  28:33  Hydralisk  
  142  28:51  Hatchery  
  129  29:36  Mutalisk x5  
  123  30:22  Queen  
  123  30:25  Zergling x4  
  123  30:26  Zergling x16  
  123  30:27  Zergling x14  
  123  30:28  Zergling x4  
  144  30:46  Queen  
  146  30:50  Hatchery  
  146  30:51  Hydralisk x4  
  153  30:57  Overlord x4  
  153  31:22  Queen  
  155  31:59  Extractor x2  
  153  32:18  Zergling x6  
  153  32:19  Zergling x12  
  162  32:25  Hydralisk x3  
  168  32:41  Hydralisk  
  168  32:42  Hydralisk x8  
  168  32:43  Hydralisk x3  
  190  33:39  Mutalisk  
  192  33:44  Overlord x2  
  190  34:27  Ultralisk Cavern  
  189  34:45  Nydus Canal  
  156  35:25  Drone  
  156  35:26  Drone x5  
  156  35:27  Drone x3  
  161  35:40  Zerg Flyer Weapons Level 2  
  161  35:51  Spire  
  161  35:54  Hydralisk x3, Spire  
  161  35:55  Hydralisk x8  
  161  35:56  Hydralisk x5  
  191  36:29  Nydus Canal  
  142  37:17  Drone x3  
  137  37:29  Corruptor x6  
  143  37:30  Corruptor x2  
  110  38:04  Drone x3  
  113  38:09  Ultralisk  
  113  38:10  Ultralisk x3  
  103  38:35  Drone x6  
  109  38:41  Hatchery  
  109  38:42  Extractor  
  109  38:45  Zerg Flyer Armor Level 1  
  107  38:55  Spore Crawler  
  107  38:57  Spore Crawler  
  105  39:08  Corruptor x3, Spore Crawler x2  
  99  39:30  Corruptor x6  
  101  40:13  Hatchery  
  66  40:34  Ultralisk x2  
  70  40:45  Extractor  
  69  40:51  Queen  
  69  40:53  Drone x3  
  69  40:56  Zerg Flyer Armor Level 2  
  74  40:59  Extractor  
  74  41:00  Extractor  
  72  41:23  Drone x4  
  72  41:25  Drone x3  
  79  41:27  Queen  
  79  41:28  Queen  
  83  41:34  Hydralisk x2  
  83  41:35  Hydralisk x4  
  83  41:36  Hydralisk x4  
  103  41:44  Drone x3  
  106  42:31  Corruptor x7  
  120  42:59  Hatchery  
  119  43:09  Corruptor x3  
  125  43:19  Drone x2  
  128  43:20  Drone x3  
  130  43:28  Hydralisk x6  
  130  43:29  Hydralisk x5  
  130  43:30  Hydralisk x3  
  158  43:50  Lair  
  158  43:58  Overlord x4  
  158  44:20  Chitinous Plating  
  158  44:38  Nydus Network  
  157  44:48  Nydus Network  
  157  44:51  Hydralisk x6  
  157  44:52  Hydralisk x6  
  172  44:53  Hydralisk x4  
  188  45:47  Mutalisk x4  
  192  46:35  Corruptor x3  
  192  46:38  Corruptor x2  
  186  47:18  Drone  
  186  47:19  Drone x2  
  189  47:59  Extractor  
  189  48:01  Extractor  
  189  48:04  Drone x3  
  190  48:37  Anabolic Synthesis  
  190  48:42  Hive  
  190  48:47  Lair  
  190  48:55  Drone x2  
  192  50:32  Nydus Canal  
  123  52:11  Ultralisk x3  
  123  52:14  Ultralisk  
  123  52:15  Ultralisk x8  
  182  52:16  Ultralisk  
  170  52:59  Nydus Canal  
  164  53:50  Ultralisk x3  
  164  53:54  Zerg Flyer Weapons Level 3  
  182  54:04  Zerg Flyer Armor Level 3  
  178  54:31  Ultralisk x3  
  175  55:39  Corruptor x3  
  179  55:51  Corruptor x4  
  179  55:52  Corruptor x2  
Show
View Real Time Build Order
Export as new Build Order

AtlasRaenger Protoss 

Build Orders: Carriers 

Get SALT Encoding   

  12  0:01  Probe  
  13  0:09  Probe  
  14  0:23  Pylon  
  14  0:25  Probe  
  15  0:41  Probe  
  16  0:53  Probe, Gateway  
  17  1:07  Probe  
  18  1:15  Probe  
  19  1:28  Pylon  
  19  1:34  Forge  
  19  1:49  Assimilator  
  19  1:52  Probe  
  20  2:04  Probe  
  20  2:06  Cybernetics Core  
  21  2:15  Nexus  
  21  2:16  Probe  
  22  2:24  Probe  
  23  2:32  Probe  
  24  2:43  Probe  
  24  2:49  Assimilator  
  25  2:55  Probe  
  25  2:58  Pylon  
  26  3:07  Probe  
  27  3:14  Pylon  
  27  3:15  Probe  
  28  3:23  Probe  
  28  3:26  Pylon  
  28  3:30  Pylon  
  28  3:31  Pylon  
  28  3:33  Probe  
  29  3:38  Pylon  
  30  3:45  Probe  
  30  3:46  Probe  
  31  3:54  Probe  
  33  4:04  Probe  
  34  4:16  Probe  
  35  4:19  Pylon  
  35  4:24  Pylon  
  35  4:26  Pylon  
  35  4:28  Probe  
  36  4:32  Pylon  
  36  4:35  Pylon  
  36  4:40  Probe  
  37  4:47  Gateway x2  
  37  4:49  Gateway  
  37  4:52  Probe  
  38  5:04  Probe x2  
  40  5:16  Probe  
  40  5:17  Probe  
  42  5:23  Nexus  
  42  5:27  Pylon  
  42  5:29  Probe x2  
  42  5:31  Nexus, Pylon  
  42  5:34  Pylon  
  44  5:37  Pylon  
  44  5:41  Probe x2  
  46  5:44  Pylon  
  46  5:53  Probe x2  
  46  5:56  Pylon  
  48  6:02  Warp Gate  
  48  6:06  Pylon  
  48  6:26  Pylon  
  48  6:30  Pylon  
  48  6:33  Pylon  
  48  6:36  Pylon  
  48  6:43  Pylon  
  48  6:46  Probe, Pylon  
  48  6:52  Pylon  
  48  6:53  Pylon  
  48  6:54  Probe  
  49  6:56  Pylon  
  50  7:03  Probe  
  51  7:08  Pylon  
  51  7:13  Pylon  
  51  7:15  Probe  
  52  7:28  Probe  
  53  7:34  Stargate  
  53  7:35  Stargate  
  53  7:36  Stargate  
  53  7:37  Stargate  
  53  7:38  Stargate  
  53  7:39  Stargate  
  53  7:41  Stargate  
  53  7:46  Assimilator  
  53  7:50  Assimilator  
  53  7:58  Assimilator  
  53  8:03  Assimilator  
  53  8:09  Robotics Facility x2  
  53  8:15  Gateway  
  53  8:16  Gateway  
  53  8:18  Gateway  
  53  8:19  Probe  
  53  8:24  Pylon  
  54  8:27  Probe  
  54  8:28  Pylon  
  54  8:32  Probe  
  56  8:35  Pylon  
  56  8:37  Probe  
  57  8:44  Gateway  
  57  8:45  Gateway  
  57  8:48  Gateway x2  
  57  8:49  Probe  
  57  8:50  Gateway  
  57  8:52  Gateway  
  57  8:54  Gateway  
  57  8:55  Gateway  
  58  8:56  Phoenix  
  58  8:57  Phoenix x2  
  58  9:01  Probe  
  65  9:06  Probe, Gateway  
  66  9:18  Probe  
  67  9:30  Probe  
  67  9:31  Pylon  
  68  9:34  Pylon  
  68  9:40  Photon Cannon  
  68  9:45  Photon Cannon  
  68  9:47  Pylon  
  68  9:50  Pylon  
  68  9:53  Photon Cannon  
  68  9:57  Pylon  
  68  10:00  Photon Cannon  
  68  10:01  Pylon  
  68  10:03  Photon Cannon  
  68  10:17  Photon Cannon  
  68  10:20  Photon Cannon  
  68  10:21  Fleet Beacon  
  68  10:22  Photon Cannon  
  68  10:24  Robotics Bay  
  68  10:27  Twilight Council, Photon Cannon  
  68  10:31  Assimilator  
  68  10:32  Photon Cannon  
  68  10:35  Assimilator  
  68  10:36  Photon Cannon  
  68  10:51  Void Ray x3  
  68  10:52  Void Ray  
  84  11:03  Phoenix x2  
  88  11:09  Probe  
  88  11:17  Probe  
  89  11:20  Assimilator  
  89  11:25  Assimilator  
  90  11:26  Probe, Adept x6  
  90  11:27  Adept x5  
  113  11:33  Adept x2  
  113  11:34  Adept  
  113  11:36  Adept  
  113  11:38  Probe  
  122  11:50  Probe, Zealot x3  
  122  11:51  Zealot x6  
  122  11:52  Zealot x3  
  147  12:32  Probe  
  148  12:44  Stalker, Probe  
  151  12:48  Zealot x6  
  151  12:49  Zealot x6  
  151  12:50  Zealot x3  
  181  13:12  Pylon  
  181  13:15  Pylon  
  181  13:21  Pylon  
  181  13:27  Nexus  
  181  13:37  Tempest x2  
  181  13:38  Tempest  
  168  16:43  Adept x4  
  168  16:44  Adept x7  
  168  16:45  Adept x5  
  156  17:17  Zealot x4  
  156  17:18  Zealot x6  
  156  17:19  Zealot x5  
  148  18:32  Zealot x2  
  148  18:33  Zealot x6  
  148  18:34  Zealot x5  
  147  19:01  Phoenix x5  
  147  19:02  Phoenix  
  158  19:03  Carrier  
  164  19:26  Carrier x3  
  164  19:27  Carrier x3  
  200  22:13  Gateway  
  200  22:14  Gateway  
  200  22:17  Gateway  
  200  22:19  Gateway  
  200  22:23  Gateway  
  200  22:24  Gateway  
  200  22:27  Gateway  
  200  22:28  Gateway  
  200  22:30  Gateway  
  200  22:33  Gateway  
  200  22:37  Gateway  
  200  22:39  Gateway  
  200  22:41  Pylon, Gateway  
  200  22:43  Gateway  
  200  22:45  Gateway, Pylon  
  200  22:46  Gateway  
  200  22:49  Gateway  
  200  22:53  Gateway  
  200  22:54  Pylon, Gateway  
  200  22:57  Gateway, Pylon  
  200  22:59  Gateway  
  200  23:01  Pylon  
  200  23:08  Pylon  
  200  23:11  Pylon  
  200  23:15  Pylon  
  176  25:41  Zealot x5  
  176  25:42  Zealot x7  
  162  25:43  Zealot x5  
  162  25:44  Zealot x7  
  162  25:45  Zealot x6  
  162  25:46  Zealot x4  
  145  26:21  Zealot x4  
  145  26:22  Zealot x6  
  145  26:23  Zealot x5  
  145  26:24  Zealot x6  
  145  26:25  Zealot x6  
  199  27:01  Pylon  
  199  27:04  Pylon  
  175  28:15  Pylon  
  139  28:21  Pylon  
  139  28:26  Pylon  
  76  28:39  Zealot x3  
  76  28:40  Zealot x7  
  76  28:41  Zealot x5  
  100  28:42  Zealot x6  
  100  28:43  Zealot x7  
  100  28:44  Zealot x5  
  100  28:45  Zealot  
  144  29:02  Zealot x3  
  138  29:03  Zealot x5  
  138  29:04  Zealot x2  
  138  29:05  Zealot x6  
  138  29:06  Zealot x7  
  138  29:07  Zealot x5  
  138  29:08  Zealot x5  
  138  29:09  Zealot  
  140  29:29  Zealot x4  
  140  29:30  Zealot x4  
  140  29:31  Zealot x4  
  132  29:32  Zealot x5  
  132  29:33  Zealot x3  
  132  29:34  Zealot x2  
  132  29:35  Zealot x3  
  132  29:36  Zealot x6  
  132  29:37  Zealot x3  
  90  30:28  Forge  
  90  30:37  Cybernetics Core  
  90  30:51  Tempest x2  
  90  30:52  Tempest x5  
  125  31:34  Void Ray x3  
  125  31:35  Void Ray x4  
  153  31:55  Photon Cannon  
  153  31:57  Photon Cannon  
  153  31:58  Photon Cannon  
  153  32:00  Photon Cannon  
  153  32:03  Photon Cannon  
  153  32:04  Photon Cannon  
  153  32:07  Photon Cannon  
  153  32:08  Photon Cannon  
  152  32:09  Photon Cannon  
  152  32:12  Photon Cannon  
  152  32:16  Photon Cannon  
  152  32:17  Void Ray x4  
  152  32:18  Phoenix x2, Void Ray  
  152  32:19  Photon Cannon  
  152  32:22  Photon Cannon  
  174  32:24  Photon Cannon  
  174  32:43  Phoenix x2  
  178  32:44  Photon Cannon  
  178  32:46  Photon Cannon  
  178  32:47  Photon Cannon  
  178  32:49  Photon Cannon  
  178  32:50  Photon Cannon  
  178  32:52  Photon Cannon  
  178  32:54  Photon Cannon  
  178  32:55  Photon Cannon  
  178  32:57  Photon Cannon  
  178  32:59  Photon Cannon  
  178  33:00  Phoenix x5  
  178  33:01  Photon Cannon  
  178  33:03  Photon Cannon  
  178  33:04  Photon Cannon  
  188  33:06  Photon Cannon  
  188  33:08  Photon Cannon, Phoenix x2  
  188  33:10  Photon Cannon  
  188  33:12  Photon Cannon  
  192  33:14  Photon Cannon  
  192  33:16  Photon Cannon  
  192  33:17  Photon Cannon, Pylon  
  192  33:19  Photon Cannon  
  192  33:20  Pylon  
  192  33:21  Photon Cannon  
  192  33:22  Photon Cannon  
  192  33:24  Photon Cannon  
  192  33:25  Pylon, Phoenix x4  
  200  33:27  Photon Cannon  
  200  33:28  Photon Cannon  
  200  33:32  Photon Cannon  
  200  33:33  Photon Cannon  
  200  33:42  Photon Cannon  
  200  33:44  Photon Cannon  
  200  33:46  Photon Cannon  
  200  33:48  Photon Cannon  
  200  33:50  Photon Cannon  
  200  33:53  Photon Cannon  
  200  33:54  Photon Cannon  
  200  34:35  Photon Cannon  
  200  34:37  Photon Cannon  
  200  34:39  Photon Cannon  
  170  35:55  Adept  
  170  35:56  Adept x7  
  170  35:57  Adept x5  
  188  35:58  Adept x2  
  123  37:15  Adept  
  123  37:16  Adept x7  
  123  37:17  Adept x6  
  123  37:18  Adept x6  
  123  37:19  Adept x5  
  123  37:20  Adept x4  
  123  37:21  Adept x3  
  123  37:22  Adept x2  
  187  37:54  Adept  
  187  37:55  Adept x7  
  187  37:56  Adept x2  
  171  39:07  Protoss Ground Weapons Level 1  
  38  39:45  Probe  
  33  39:47  Protoss Air Weapons Level 1  
  33  39:57  Probe  
  34  40:00  Pylon  
  34  40:03  Pylon  
  34  40:09  Probe  
  34  40:12  Photon Cannon  
  35  40:14  Photon Cannon  
  35  40:16  Photon Cannon  
  35  40:18  Pylon  
  35  40:20  Photon Cannon  
  35  40:21  Probe  
  35  40:23  Photon Cannon  
  35  40:24  Pylon  
  35  40:25  Pylon  
  35  40:27  Pylon  
  36  40:29  Pylon  
  36  40:33  Pylon  
  36  40:34  Probe  
  37  40:42  Carrier x6  
  79  40:43  Carrier  
  79  40:57  Pylon  
  79  41:01  Protoss Ground Armor Level 1  
  79  41:08  Robotics Facility  
  79  41:13  Robotics Facility  
  79  41:42  Protoss Air Armor Level 1  
  79  41:46  Carrier  
  85  41:47  Pylon  
  85  41:51  Pylon  
  85  41:55  Pylon  
  85  42:05  Pylon  
  85  42:11  Pylon  
  85  42:12  Pylon  
  85  42:13  Pylon  
  85  42:14  Photon Cannon  
  85  42:16  Photon Cannon  
  85  42:18  Photon Cannon  
  85  42:19  Nexus  
  85  42:21  Photon Cannon  
  85  42:22  Photon Cannon  
  85  42:24  Photon Cannon  
  85  42:25  Pylon  
  85  42:29  Pylon  
  85  42:30  Nexus  
  85  42:31  Pylon x2  
  85  42:34  Pylon x2  
  85  42:37  Pylon  
  85  42:40  Pylon  
  85  42:43  Pylon  
  85  42:47  Pylon  
  85  42:52  Nexus  
  85  42:55  Protoss Shields Level 1  
  85  43:02  Photon Cannon  
  85  43:03  Photon Cannon  
  85  43:05  Photon Cannon  
  85  43:07  Photon Cannon  
  85  43:08  Photon Cannon  
  85  43:11  Photon Cannon  
  85  43:24  Photon Cannon  
  85  43:25  Photon Cannon  
  85  43:27  Photon Cannon  
  85  43:30  Photon Cannon  
  85  43:32  Photon Cannon  
  85  43:34  Photon Cannon  
  85  43:44  Photon Cannon  
  85  43:45  Photon Cannon  
  85  43:47  Gateway  
  85  43:48  Photon Cannon, Gateway  
  85  43:49  Gateway  
  85  43:51  Photon Cannon, Gateway  
  85  43:53  Photon Cannon  
  85  43:54  Gateway x2  
  85  43:55  Photon Cannon  
  79  43:56  Gateway  
  79  43:57  Photon Cannon  
  79  43:58  Gateway  
  79  44:00  Photon Cannon  
  79  44:03  Gateway  
  79  44:06  Photon Cannon  
  79  44:07  Photon Cannon, Gateway  
  79  44:08  Photon Cannon  
  79  44:09  Photon Cannon, Gateway  
  79  44:11  Photon Cannon  
  79  44:12  Gateway  
  79  44:14  Photon Cannon  
  79  44:16  Gateway  
  79  44:19  Gateway  
  79  44:20  Gateway  
  79  44:22  Gateway  
  79  44:25  Gateway  
  79  44:26  Gateway  
  79  44:28  Gateway  
  79  44:29  Gateway  
  79  44:31  Gateway  
  79  44:32  Photon Cannon, Gateway  
  79  44:33  Photon Cannon  
  79  44:35  Photon Cannon, Gateway  
  79  44:37  Gateway  
  79  44:38  Photon Cannon, Gateway  
  79  44:39  Photon Cannon, Gateway  
  79  44:40  Gateway  
  79  44:41  Photon Cannon  
  79  44:42  Gateway  
  79  44:43  Photon Cannon  
  79  44:44  Gateway  
  79  44:45  Photon Cannon  
  79  44:46  Gateway  
  79  44:47  Tempest x4, Photon Cannon, Gateway  
  79  44:48  Photon Cannon  
  79  44:49  Gateway  
  79  44:51  Photon Cannon, Gateway x2  
  99  44:53  Photon Cannon, Gateway  
  99  44:55  Gateway x2  
  99  44:56  Photon Cannon  
  99  44:57  Gateway  
  99  44:58  Gateway  
  99  45:02  Gateway  
  99  45:04  Photon Cannon, Gateway  
  99  45:06  Gateway  
  99  45:08  Photon Cannon  
  99  45:10  Gateway  
  99  45:11  Gateway  
  99  45:12  Gateway  
  99  45:38  Protoss Ground Weapons Level 2  
  99  45:41  Gateway  
  99  45:42  Gateway  
  99  45:44  Gateway  
  99  45:56  Probe  
  100  46:01  Probe  
  101  46:08  Probe  
  102  46:13  Probe  
  103  46:20  Probe  
  71  47:30  Blink  
  71  47:53  Protoss Ground Armor Level 2  
  71  48:09  Anion Pulse-Crystals  
  71  49:11  Dark Shrine  
  71  49:15  Robotics Facility  
  71  49:16  Robotics Facility  
  71  49:18  Robotics Facility  
  71  49:20  Robotics Facility  
  71  49:22  Robotics Facility  
  71  49:24  Robotics Facility  
  71  49:30  Charge  
  71  49:50  Stalker  
  71  49:51  Stalker  
  71  49:52  Stalker x2  
  79  50:02  Zealot x6  
  89  50:29  Disruptor x2  
  95  50:58  Stalker x2  
  95  50:59  Stalker x4  
  95  51:00  Stalker x3  
  113  51:05  Disruptor x2  
  113  51:08  Zealot  
  113  51:09  Zealot x4  
  113  51:10  Resonating Glaives, Zealot x7  
  113  51:11  Zealot x5  
  147  51:12  Zealot x5  
  147  51:13  Zealot x6  
  147  51:14  Zealot x4  
  147  51:15  Zealot x7  
  147  51:16  Zealot  
  153  52:11  Zealot x3  
  153  52:12  Zealot x6  
  153  52:13  Zealot x4  
  153  52:14  Zealot x6  
  148  52:38  Zealot x5  
  148  52:40  Zealot x4  
  148  52:41  Zealot x5  
  148  52:42  Zealot x7  
  148  52:43  Zealot x4  
  148  52:44  Zealot x2  
  198  52:47  Zealot  
  188  53:59  Zealot  
  188  54:00  Zealot x5  
  182  54:26  Gateway  
  182  54:27  Gateway  
  182  54:29  Gateway  
  96  55:01  Zealot x2  
  96  55:02  Zealot x7  
  96  55:03  Zealot x6  
  96  55:04  Zealot x6  
  96  55:05  Zealot x7  
  96  55:06  Zealot x5  
  96  55:07  Zealot x2  
  67  55:39  Zealot x2  
  67  55:40  Zealot x6  
  67  55:41  Zealot x5  
  67  55:42  Zealot x5  
  102  55:43  Zealot x3  
  102  55:44  Zealot x5  
  102  55:45  Zealot x2  
  102  55:46  Zealot x2  
  95  56:07  Zealot x2  
  95  56:08  Zealot x4  
  95  56:09  Zealot x6  
  95  56:10  Zealot x6  
  95  56:11  Zealot x2  
  119  56:12  Zealot x3  
  119  56:13  Zealot x2  
  119  56:14  Zealot x2  
  119  56:15  Zealot x6  
  119  56:16  Zealot x4  
  119  56:17  Zealot  
  119  56:18  Zealot x2  
  123  56:19  Zealot x3  
Tags
 
Composition
Carriers
Matchup
PvZ
Opening
Pool First
Add a new tag
Caveats
  • Supply blocks, unpowered buildings, or Contaminate may cause inaccurate times.
  • Supply counts are checked every 10 seconds.